 Dungeon Crawl Stone Soup version 0.22-a0-422-g9628fc87f1 (webtiles) character file.

134 D1HalberdGnoll the Digger (level 5, -8/49 HPs)
             Began as an Ogre Earth Elementalist on May 18, 2018.
             Killed from afar by an orc wizard (9 damage)
             ... with a magic dart
             ... on level 3 of the Dungeon.
             The game lasted 00:04:48 (3401 turns).

D1HalberdGnoll the Digger (Ogre Earth Elementalist) Turns: 3401, Time: 00:04:49

Health: -8/49      AC:  3    Str: 17    XL:     5   Next: 17%
Magic:  3/10       EV: 10    Int: 16    God:
Gold:   127        SH:  0    Dex: 10    Spells: 6/10 levels left

rFire    . . .     SeeInvis .   m - +0 quarterstaff
rCold    . . .     Gourm    .   (shield currently unavailable)
rNeg     . . .     Faith    .   c - +0 robe
rPois    .         Spirit   .   (helmet restricted)
rElec    .         Reflect  .   (no cloak)
rCorr    .         Harm     .   (gloves unavailable)
MR       .....                  (boots unavailable)
Stlth    ++........             (no amulet)
HPRegen  0.16/turn              (no ring)
MPRegen  0.12/turn              (no ring)

@: mighty, very slightly contaminated
A: large, unfitting armour, tough skin 1
a: no special abilities


You were on level 3 of the Dungeon.
You were not hungry.

You visited 1 branch of the dungeon, and saw 3 of its levels.

You collected 127 gold pieces.

Inventory:

Hand Weapons
 m - a +0 quarterstaff (weapon)
Missiles
 b - a stone (quivered)
 f - a throwing net
Armour
 c - a +0 robe (worn)
Jewellery
 l - an uncursed ring of see invisible {unknown}
Scrolls
 a - a scroll of enchant armour {unknown}
 e - a scroll of fear {unknown}
 h - a scroll of fog {unknown}
 i - 2 scrolls of teleportation
 j - 2 scrolls of remove curse {unknown}
 n - a scroll of immolation {unknown}
 o - a scroll of magic mapping {unknown}
Comestibles
 d - 3 rations


   Skills:
 + Level 1.9 Fighting
 + Level 1.2 Staves
 - Level 2.1 Dodging
 - Level 1.8 Stealth
 + Level 3.4 Spellcasting
   Level 0.8 Transmutations
 * Level 3.7 Earth Magic


You had 6 spell levels left.
You knew the following spells:

 Your Spells              Type           Power        Failure   Level  Hunger
a - Sandblast             Erth           ##....       3%          1    None
b - Stone Arrow           Conj/Erth      #.....       24%         3    ###....

Your spell library contained the following spells:

 Spells                   Type           Power        Failure   Level  Hunger
 Passwall                 Tmut/Erth      ##........   11%         2    ##.....
 Lee's Rapid Deconstruct  Erth           ##........   71%         5    ######.
 Petrify                  Tmut/Erth      ##......     56%         4    ####...


Dungeon Overview and Level Annotations

Branches:
Dungeon (3/15)

Altars:
Cheibriados
Nemelex Xobeh
The Shining One

Annotations:
D:2 exclusion: downstairs


Innate Abilities, Weirdness & Mutations

You are too large for most types of armour.
You have tough skin. (AC +1)


Message History

* * * LOW HITPOINT WARNING * * *
The orc wizard hits you but does no damage.
You feel better.
The orc wizard hits you with a dagger of speed. x2
* * * LOW HITPOINT WARNING * * *
The orc wizard casts a spell at you. The magic dart hits you!
* * * LOW HITPOINT WARNING * * *
It was a potion of might.
You feel very mighty all of a sudden.
The orc wizard hits you with a dagger of speed.
* * * LOW HITPOINT WARNING * * *
The orc wizard barely misses you. The orc wizard hits you with a dagger.
* * * LOW HITPOINT WARNING * * *
You closely miss the orc wizard.
The orc wizard hits you with a dagger of speed.
* * * LOW HITPOINT WARNING * * *
The orc wizard casts a spell at you. The magic dart hits you!
You die...

,,,,,,,,,),,...........###.......
,,*,**,***,.............)#.......
,,,,**,,**.#.......>...#.....>...
*,,,,,,,,,,.........)............
,,*,*,,,,,,,#....................
*,*,**,,,.###..........###.......
*,*,*****....#........## #.......
,,,,,,,,,<##....o....## ##...#..
,,,,),,,,......)@..### *##....
,,,,,,,,,..#..#o#### *##.,
,,,,,,,,,...,*#.** *,,
,,,,,,,,,.,*,,#.,* *,,
,,,,,,,,,,,**,##,* *,,
,,,,,,,,,,,**,,,,**** ***
,,,,,,,,,,,****,,,,,*
,,,,,,,,,,** *,,,,,* ,,,,,,,,,**
*,,,,,*


You could see 2 orc wizards.

Vanquished Creatures
  The ghost of bezhaha the Firebug, a weakling DrWn (D:3)
  3 adders
  A worm (D:2)
  2 dart slugs
  A leopard gecko (D:3)
  4 orcs (D:3)
  5 bats
  2 giant cockroaches
  7 goblins
  9 hobgoblins
  4 ball pythons
  4 frilled lizards
  6 kobolds
  7 rats
56 creatures vanquished.

Notes
Turn   | Place    | Note
-------+----------+-------------------------------------------
     0 | D:1      | D1HalberdGnoll the Ogre Earth Elementalist began the quest for the Orb.
     0 | D:1      | Reached XP level 1. HP: 16/16 MP: 3/3
   317 | D:1      | Reached XP level 2. HP: 22/24 MP: 0/5
  1209 | D:2      | Reached XP level 3. HP: 30/31 MP: 4/7
  1851 | D:2      | Learned a level 3 spell: Stone Arrow
  2165 | D:3      | Reached XP level 4. HP: 40/40 MP: 5/8
  2179 | D:3      | Reached skill level 1 in Fighting
  2326 | D:3      | Noticed bezhaha's ghost (weakling DrWn)
  2347 | D:3      | Killed bezhaha's ghost
  2347 | D:3      | Reached skill level 1 in Staves
  2644 | D:3      | Reached XP level 5. HP: 21/49 MP: 6/10
  2798 | D:3      | Found a snail-covered altar of Cheibriados.
  2920 | D:3      | Found a glowing golden altar of the Shining One.
  3236 | D:3      | Found a sparkling altar of Nemelex Xobeh.
  3357 | D:3      | Found a snail-covered altar of Cheibriados.
  3401 | D:3      | HP: 1/49 [orc wizard/dagger of speed (2)]
  3401 | D:3      | Killed from afar by an orc wizard

Vault maps used:
D:1:      scummos_arrival_simple_crosswalls
D:3:      old_standard_altar, old_standard_altar, nemelex_lonely_heart_becter

Skill      XL: |  1  2  3  4 |
---------------+-------------+-----
Dodging        | 2 |  2.1
Earth Magic    | 3 |  3.7
Spellcasting   | 3 |  3.4
Fighting       | 1 |  1.9
Staves         | 1 |  1.2
Stealth        | |  1.8
Transmutations | |  0.8

Action                   |  1- 3 |  4- 6 || total
-------------------------+-------+-------++-------
Melee: Unarmed           |    11 |       ||    11
       Quarterstaff      |    37 |    78 ||   115
 Cast: Sandblast         |    36 |     3 ||    39
       Stone Arrow       |       |    12 ||    12
  Use: Potion            |     1 |     7 ||     8
       Scroll            |       |     1 ||     1
  Eat: Chunk             |     4 |     3 ||     7
       Ration            |       |     1 ||     1
Armor: Robe              |    18 |    26 ||    44
Dodge: Dodged            |    39 |    44 ||    83

Table legend:
 A = Spawn XP
 B = Non-spawn XP
 C = Spawn XP percentage of total XP
 D = Spawn monster count
 E = Non-spawn monster count
 F = Spawn count percentage of total count
 G = Total turns spent on level
                    A         B        C        D         E        F      G
               +---------+---------+-------+---------+---------+-------+---------
         Total |       0 |     192 |   0.0 |       0 |      56 |   0.0 |  3401
               +---------+---------+-------+---------+---------+-------+---------
           D:1 |       0 |      24 |   0.0 |       0 |      14 |   0.0 |  1007
           D:2 |       0 |      56 |   0.0 |       0 |      18 |   0.0 |  1144
           D:3 |       0 |     112 |   0.0 |       0 |      24 |   0.0 |  1250
               +---------+---------+-------+---------+---------+-------+---------
